 Dungeon Crawl Stone Soup version 0.30.1-10-g1249ef9ec4 (webtiles) character file.

Game seed: 2221775449731998918

39 pkoi the Insei (level 3, 0/31 HPs)
             Began as a Draconian Monk on Oct 26, 2023.
             Slain by a gnoll
             ... wielding a +0 spear
              (4 damage)
             ... on level 1 of the Dungeon.
             The game lasted 00:01:34 (1238 turns).

pkoi the Insei (Draconian Monk)                     Turns: 1238, Time: 00:01:34

Health: 0/31       AC:  6    Str: 13    XL:     3   Next: 26%
Magic:  3/3        EV: 12    Int: 12    God:
Gold:   122        SH:  0    Dex: 13    Spells: 2/2 levels left

rFire   . .          .
                       - Unarmed
rCold   . . .        b - orb {light}
rNeg    . . .        (body armour unavailable)
rPois   .            (helmet restricted)
rElec   .            h - +0 cloak
rCorr   .            (no gloves)
SInv    .            (no boots)
Will    .....        (no amulet)
Stlth   +            (no ring)
HPRegen 0.25/turn    (no ring)
MPRegen 0.08/turn

%: no passive effects
@: glowing
A: AC +5, unfitting armour, cold-blooded, mutation resistance 1, sense
surroundings 1
a: no special abilities


You were on level 1 of the Dungeon.
You visited 1 branch of the dungeon, and saw 2 of its levels.

You collected 122 gold pieces.

Inventory:

Hand Weapons
 j - a +1 short sword of speed
Armour
 b - an orb of light (worn)
 h - a +0 cloak (worn)
Potions
 a - a potion of ambrosia


   Skills:
 - Level 3.2 Fighting
 - Level 2.6 Dodging
 + Level 4.4 Unarmed Combat


You had 2 spell levels left.
You didn't know any spells.
Your spell library was empty.

Dungeon Overview and Level Annotations

Branches:
Dungeon (2/15)

Altars:
Uskayaw


Innate Abilities, Weirdness & Mutations

Your plain brown scales are hard. (AC +5)
You cannot fit into any form of body armour.
You are cold-blooded and may be slowed by cold attacks.
You are somewhat resistant to further mutation.
You passively map a small area around you.


Message History

The gnoll closely misses you.
You hit the gnoll.
The gnoll is heavily wounded.
The gnoll hits you with a +0 whip.
You hit the gnoll.
The gnoll is almost dead.
The gnoll hits you with a +0 whip.
You hit the gnoll.
You kill the gnoll!
You see here a +0 whip.
You start resting.
HP restored.
You start waiting.
Done waiting.
You see here a +0 whip.
There is a stone staircase leading down here.
You climb downwards.
The gnoll hits you from afar with a +0 spear.
There is a stone staircase leading up here.
Unknown command.
Unknown command.
The gnoll hits you with a +0 spear. The gnoll closely misses you.
There is a stone staircase leading up here.
The gnoll hits you with a +0 spear. The gnoll closely misses you.
You climb upwards.
There is a stone staircase leading down here.
Unknown command.
Unknown command.
You hit the gnoll but do no damage.
You tail-slap the gnoll, but do no damage.
The gnoll barely misses you. x2
You hit the gnoll.
The gnoll is lightly wounded.
The gnoll hits you with a +0 halberd. The gnoll closely misses you.
You hit the gnoll but do no damage.
The gnoll is lightly wounded.
The gnoll hits you with a +0 halberd!
* * * LOW HITPOINT WARNING * * *
The gnoll hits you with a +0 spear.
You die...

#...#.........#)#
###.#..#.....##.########
#......#....(........#
#.#...############.#.##
#.#................#..#
#..##..######..###.##.## #......#
#...#.#......
#.####g#####.###.###..#.
##########.##..g@##...#.....#....
...........##.#####.###.###.###..
#############.# #.#[..# #..)...
#.# #.###.###.###.. #.#
#...#.....#.... #.#
###.###.###.##.
#.#######...#[#......
#...........###....##
###########.....####


You could see 2 gnolls.

Vanquished Creatures
  A gnoll (D:1)
  A worm (D:2)
  4 endoplasms
  5 goblins
  2 hobgoblins (D:1)
  2 quokkas (D:2)
  A bat (D:1)
  3 frilled lizards
  4 kobolds
  A rat (D:1)
24 creatures vanquished.

Notes
Turn   | Place    | Note
-------+----------+-------------------------------------------
     0 | D:1      | pkoi the Draconian Monk began the quest for the Orb.
     0 | D:1      | Reached XP level 1. HP: 19/19 MP: 1/1
   502 | D:1      | Reached XP level 2. HP: 26/26 MP: 2/2
   947 | D:2      | Gained mutation: You are somewhat resistant to further
                  | mutation. [potion of mutation]
   947 | D:2      | Gained mutation: You passively map a small area around you.
                  | [potion of mutation]
   951 | D:2      | Reached skill level 4 in Unarmed Combat
   986 | D:2      | Found a hide-covered altar of Uskayaw.
  1066 | D:2      | Reached XP level 3. HP: 26/31 MP: 3/3
  1238 | D:1      | Slain by a gnoll

Illustrated notes

Levels and vault maps discovered:
D:1:      dpeg_arrival_leaves_temple_mockup, layout_basic,
          ebering_dispersal_statue_hall, corexii_item_surrounded_by_moat,
          minmay_quantized
D:2:      layout_loops_corners, basic_altar, minmay_puff

Skill      XL: |  1  2 |
---------------+-------+-----
Unarmed Combat | 4 |  4.4
Fighting       | |  3.2
Dodging        | |  2.6

Action                     || total
---------------------------++-------
  Melee: Unarmed           ||    85
         Tailslap          ||    14
    Use: Scroll            ||     3
         Potion            ||     3
 Armour: Skin              ||    34
  Dodge: Dodged            ||    66
